AoeStats
← Kenobi

Arabia

508471663Analyzed
1v1 RM · 1mo ago on Sep 22, 2026· 27m 13s· 2 players
Game mode
Random Map
Map size
Tiny (2 player)
Population
200
Speed
Normal
Resources
Standard
Victory
Conquest
Starting age
Dark Age
Ending age
Imperial Age
RankedLock teamsTeams togetherTeam positionsShared explorationLock speedFull tech treeHidden civsTurbo modeCheats
Victory
Defeat
🇩🇪 Varangians · Germany
1299
+16
vs
🇪🇸 Varangians · Spain
1300
-16
OldCharlie131
6:03 Loom
9:08 Feudal Age
9:48 Double-Bit Axe
19:29 Castle Age
18:36 Bloodlines
18:31 Horse Collar
18:44 Gold Mining
20:02 Forging
24:03 Scale Barding Armor
24:34 Iron Casting
25:52 Chain Barding Armor
Kenobi
6:48 Loom
9:20 Feudal Age
9:55 Double-Bit Axe
10:50 Horse Collar
13:43 Town Watch
20:23 Castle Age
19:18 Forging
25:32 Squires
26:19 Scale Barding Armor
Connection lost

Rejoining the realm…

Still unreachable

The connection could not be restored.

Session expired

The server has moved on; the page needs a fresh start.